 Dungeon Crawl Stone Soup version 0.30-a0-358-g0d69a1922f (webtiles) character file.

Game seed: 9612196045411259427

98576 fvnkdwnf the Peltast (level 15, -10/145 HPs)
             Began as a Minotaur Fighter on Nov 10, 2022.
             Was the Champion of Okawaru.
             Killed from afar by Nikola (80 damage)
             ... with an arc of chain lightning
             ... in the Arena.
             The game lasted 00:41:39 (22204 turns).

fvnkdwnf the Peltast (Minotaur Fighter)            Turns: 22204, Time: 00:41:40

Health: -10/145    AC: 32    Str: 37    XL:     15   Next: 75%
Magic:  23/30      EV: 12    Int:  8    God:    Okawaru [******]
Gold:   2885       SH: 13    Dex: 13    Spells: 14/14 levels left

rFire   . . .      SeeInvis .    q - +5 war axe (vorpal)
rCold   . . .      Faith    .    a - +0 kite shield
rNeg    . . .      Spirit   .    l - +6 plate armour
rPois   +          Reflect  .    (helmet unavailable)
rElec   .          Harm     .    H - +0 cloak
rCorr   +          Rampage  +    J - +2 pair of gloves of Ixkuguci {-Cast Will+ Regen+}
Will    ++...      NoCast   +    P - +2 pair of boots {rampage}
Stlth   ..........               c - amulet of regeneration
HPRegen 2.04/turn                R - ring "Leqivycs" {Contam MP+9 Str+9 Int+3}
MPRegen 0.22/turn                A - ring "Hameb" {Drain rPois rCorr EV+4 Dex+3}

@: duelling
A: horns 3, retaliatory headbutt, hooves 1
a: Renounce Religion, Heroism, Finesse, Duel


You were in the Arena.
You worshipped Okawaru.
Okawaru was exalted by your worship.
You visited 4 branches of the dungeon, and saw 22 of its levels.
You also visited: Sewer and Ossuary.

You collected 3416 gold pieces.
You spent 531 gold pieces at shops.

Inventory:

Hand Weapons
 q - a +5 vorpal war axe (weapon)
 z - a +0 vampiric broad axe
Missiles
 N - 4 throwing nets (quivered)
Armour
 a - a +0 kite shield (worn)
 l - a +6 plate armour (worn)
 o - the +1 pair of gloves of Cuocsape {Rampage rF+ Dex+2}
   (You bought it in a shop on level 2 of the Orcish Mines)

   Dex:       It affects your dexterity (+2).
   rF:        It protects you from fire.
   Rampage:   It bestows one free step when moving towards enemies.
 p - a scarf of resistance
 y - an orb of light
 H - a +0 cloak (worn)
 J - the +2 pair of gloves of Ixkuguci (worn) {-Cast Will+ Regen+}
   (Okawaru gifted it to you on level 10 of the Dungeon)

   -Cast:     It prevents spellcasting.
   Regen:     It increases your rate of health regeneration.
   Will:      It increases your willpower.
 P - a +2 pair of boots of rampaging (worn)
 S - the +4 fire dragon scales "Uxiawe" {rF++ rC- Int+2 Stlth+}
   (You found it on level 14 of the Dungeon)

   Int:       It affects your intelligence (+2).
   rF:        It greatly protects you from fire.
   rC:        It makes you vulnerable to cold.
   Stlth:     It makes you more stealthy.
Jewellery
 c - an amulet of regeneration (around neck)
 d - a +4 ring of evasion
 A - the ring "Hameb" (right hand) {Drain rPois rCorr EV+4 Dex+3}
   (You found it on level 7 of the Dungeon)

   [ring of evasion]

   EV:        It affects your evasion (+4).
   Dex:       It affects your dexterity (+3).
   rPois:     It protects you from poison.
   rCorr:     It protects you from acid and corrosion.
   Drain:     It drains your maximum health when unequipped.
 R - the ring "Leqivycs" (left hand) {Contam MP+9 Str+9 Int+3}
   (You found it on level 14 of the Dungeon)

   [ring of magical power]

   Str:       It affects your strength (+9).
   Int:       It affects your intelligence (+3).
   MP:        It affects your magic capacity (+9).
   Contam:    It causes magical contamination when unequipped.
Wands
 n - a wand of flame (63)
 w - a wand of digging (4)
 F - a wand of mindburst (35)
 G - a wand of light (9)
 I - a wand of iceblast (7)
 O - a wand of paralysis (8)
 Q - a wand of polymorph (5)
Scrolls
 e - 3 scrolls of poison
 k - 8 scrolls of fog
 x - 4 scrolls of fear
 C - 6 scrolls of teleportation
 D - 2 scrolls of amnesia
 E - a scroll of magic mapping
 M - 9 scrolls of identify
 T - 3 scrolls of blinking
Potions
 b - 7 potions of lignification
 f - 6 potions of heal wounds
 g - 4 potions of brilliance
 h - a potion of invisibility
 i - 21 potions of curing
 j - 3 potions of attraction
 m - 5 potions of mutation
 r - 2 potions of flight
 s - 2 potions of resistance
 t - a potion of magic
 u - 7 potions of cancellation
 v - 3 potions of haste
 B - 3 potions of ambrosia
Miscellaneous
 L - a box of beasts


   Skills:
 + Level 16.4 Fighting
 + Level 16.3 Axes
 + Level 16.5 Armour
 + Level 16.5 Shields
 - Level 10.0 Invocations


You had 14 spell levels left.
You didn't know any spells.
Your spell library contained the following spells:

 Spells                   Type           Power      Damage    Failure   Level
 Apportation              Tloc           0%         N/A       95%         1
 Beastly Appendage        Tmut           0%         N/A       95%         1
 Foxfire                  Conj/Fire      0%         2x1d4     95%         1
 Magic Dart               Conj           0%         1d3       95%         1
 Necrotise                Necr           0%         1d4       95%         1
 Blink                    Tloc           0%         N/A       99%         2
 Momentum Strike          Conj/Tloc      0%         3d8       99%         2
 Wereblood                Tmut           0%         N/A       99%         2
 Inner Flame              Hex/Fire       0%         N/A       100%        3
 Kindle Blastsparks       Fire/Tloc/Air  0%         2d10      100%        3
 Lesser Beckoning         Tloc           0%         N/A       100%        3
 Mephitic Cloud           Conj/Pois/Air  0%         N/A       100%        3
 Spider Form              Tmut/Pois      0%         N/A       100%        3
 Cause Fear               Hex            0%         N/A       100%        4
 Fulminant Prism          Conj/Hex       0%         3d5       100%        4
 Iskenderun's Mystic Bla  Conj/Tloc      0%         2d3       100%        4
 Leda's Liquefaction      Hex/Erth       0%         N/A       100%        4
 Fireball                 Conj/Fire      0%         3d3       100%        5
 Lee's Rapid Deconstruct  Erth           0%         3d4*      100%        5
 Metabolic Englaciation   Hex/Ice        0%         N/A       100%        5
 Starburst                Conj/Fire      0%         6d3       100%        6
 Statue Form              Tmut/Erth      0%         N/A       100%        6
 Orb of Destruction       Conj           0%         9d5       100%        7
 Borgnjor's Revivificati  Necr           0%         N/A       100%        8
 Discord                  Hex            0%         N/A       100%        8
 Ignition                 Fire           0%         3d3       100%        8
 Necromutation            Tmut/Necr      0%         N/A       100%        8
 Death's Door             Necr           0%         N/A       100%        9
 Summon Small Mammal      Summ           Unusable   N/A       N/A         1
 Call Imp                 Summ           Unusable   N/A       N/A         2
 Summon Guardian Golem    Hex/Summ       Unusable   N/A       N/A         3
 Spellforged Servitor     Conj/Summ      Unusable   N/A       N/A         7

Dungeon Overview and Level Annotations

Branches:
Dungeon (15/15)            Temple (0/1) D:7            Lair (4/5) D:11
  Swamp (0/4) Lair:3        Snake (1/4) Lair:3        Slime (0/5) Lair:4
    Orc (2/2) D:12            Elf (0/3) Orc:2        Vaults (0/5) D:13
 Depths (0/4) D:15          Sewer (visited)         Ossuary (visited)

Altars:
Ashenzari
Cheibriados
Dithmenos
Elyvilon
Fedhas
Gozag
Hepliaklqana
Makhleb
Okawaru
Qazlal
Sif Muna
Trog
Uskayaw
Vehumet
Wu Jian
Yredelemnul
Zin
The Shining One
Jiyva

Shops:
Orc:1 (   Orc:2 ?[![

Annotations:
Arena Nikola


Innate Abilities, Weirdness & Mutations

You have a pair of large horns on your head.
You reflexively headbutt those who attack you in melee.
You have large cloven feet.


Message History

Unknown command.
You barely miss the naga. Your headbutt misses the naga.
The naga is severely wounded.
You block the naga's attack. The naga constricts you.
Unknown command.
You slice the naga!!
You kill the naga!
Okawaru accepts your kill.
No target in view!
Things that are here:
a +0 dire flail; a naga corpse
Things that are here:
a +0 shortbow; a +3 glaive You now have 2885 gold pieces (gained 10).
Nikola the Mad Inventor comes into view.
He is wielding a +0 rapier of electrocution and wearing a +0 cloak of willpower.
Nikola shouts!
Aiming: Duel (12% risk of failure)
Press: ? - help, Dir - move target, f - Nikola
Aim: Nikola, wielding a +0 rapier of electrocution, wearing a +0 cloak of willpower and wearing a +0 pair of gloves You enter into single combat with Nikola!
The world spins around you as you enter the gateway.
You enter Okawaru's Arena!
The spectator shouts! x15
Nikola casts a spell.
Lightning arcs from Nikola's hands!
The bolt of lightning hits you!!!!
Ouch! That really hurt!
A bolt of lightning appears from out of thin air!
The bolt of lightning hits Nikola!
Found a gate leading back out of this place.
There is an empty arch of ancient stone here.
You hit Nikola.
Nikola is lightly wounded.
Nikola hits you but does no damage.
You slice Nikola!! You headbutt Nikola!
Nikola is moderately wounded.
Nikola mumbles some strange words.
Lightning arcs from Nikola's hands!
The bolt of lightning hits you!!!!
Ouch! That really hurt!
You die...
Okawaru crowns Nikola victorious!

###########
#...ppp...#
#p▓▓▓▓▓▓▓p#
#.▓.....▓p#
#p▓.....▓▓#
#p▓..@..▓∩#
#p▓..@..▓▓#
#.▓.....▓p#
#p▓▓▓▓▓▓▓.#
#...ppp.p.#
###########


You could see Nikola.

Vanquished Creatures
  Mlioglotl (Snake:1)
  Frances (D:14)
  Gastronok (Lair:1)
  Kirke (D:12)
  An orc warlord (Orc:1)
  Harold (D:11)
  The ghost of hofbold the Fighter, a journeyman DrAr of the Shining One (Lair:1)
  Erolcha (D:9)
  A catoblepas (Lair:2)
  An ogre mage (D:15)
  5 hydras
  A boulder beetle (D:15)
  An anaconda (Snake:1)
  6 two-headed ogres
  2 dancing weapons (D:13)
  A death knight (D:13)
  4 centaur warriors
  A naga warrior (Snake:1)
  The ghost of Komishar the Thaumaturge, a novice DjFE of Makhleb (D:10)
  Nergalle (D:11)
  Amaemon (D:9)
  A naga sharpshooter (Snake:1)
  7 skeletal warriors
  A flayed ghost (D:14)
  Lodul (D:12)
  A wizard (D:15)
  A naga ritualist (Snake:1)
  A phantasmal warrior (D:13)
  12 orc knights
  A wolf spider zombie (D:13)
  A necromancer (D:15)
  A deep elf zephyrmancer (D:15)
  A mana viper (Snake:1)
  4 orc sorcerers
  A deep elf pyromancer (D:13)
  4 cyclopes
  7 ugly things
  A manticore (Lair:4)
  8 elephants (Lair:4)
  4 naga magi (Snake:1)
  3 centaur zombies
  7 black mambas
  2 torpor snails
  An orange demon (D:9)
  Psyche (D:8)
  12 cane toads
  An unseen horror (D:11)
  3 gargoyles (D:12)
  A centaur skeleton (D:15)
  9 rime drakes
  Maggie (D:6)
  8 komodo dragons
  2 freezing wraiths (D:13)
  The ghost of voshxx the Sneak, a novice KoEn (D:4)
  2 polar bears
  3 meliai (D:13)
  4 trolls
  A meliai (shapeshifter) (D:13)
  A wolf spider simulacrum (D:15)
  A hornet (D:5)
  8 blink frogs (Lair:3)
  6 dream sheep (Lair:4)
  6 shadows
  6 wyverns
  3 vampires
  2 fire bats (D:14)
  59 yaks
  12 wraiths
  Eustachio (D:6)
  9 basilisks
  6 hogs (D:12)
  A golden eye (shapeshifter) (D:13)
  A steam dragon (D:9)
  Grum (Lair:1)
  5 vampire mosquitoes
  6 nagas
  A swamp worm (Lair:3)
  7 wargs
  An acid dragon (D:13)
  9 water moccasins
  2 sky beasts
  52 orc warriors
  3 black bears
  14 ogres
  17 wolves
  10 centaurs
  18 bullfrogs
  A kobold brigand (D:7)
  4 scorpions
  A necrophage (D:5)
  9 wights
  4 killer bees (D:7)
  An electric eel (Lair:4)
  11 howler monkeys
  A crimson imp (D:11)
  A jelly (D:7)
  33 orc priests
  6 hounds
  30 orc wizards
  6 hell rats (Lair:4)
  8 mummies (Ossuary)
  4 gnolls
  18 adders
  4 river rats (Sewer)
  A white imp (D:11)
  2 worms (D:3)
  2 dart slugs
  154 orcs
  16 ball pythons
  14 bats
  7 endoplasms
  2 giant cockroaches
  2 gnoll zombies (Ossuary)
  6 hobgoblins
  9 jackals
  7 quokkas
  3 frilled lizards
  3 goblins
  A hobgoblin zombie (Ossuary)
  17 kobolds
  2 kobold zombies (Ossuary)
  3 orc zombies (Ossuary)
  9 rats
824 creatures vanquished.

Vanquished Creatures (others)
  A warg (Orc:2)
  An orc (Orc:2)
  9 fungi
  29 plants
  A withered plant (D:13)
41 creatures vanquished.

Grand Total: 865 creatures vanquished

Notes
Turn   | Place    | Note
-------+----------+-------------------------------------------
     0 | D:1      | fvnkdwnf the Minotaur Fighter began the quest for the Orb.
     0 | D:1      | Reached XP level 1. HP: 19/19 MP: 0/0
    47 | D:1      | Reached XP level 2. HP: 27/27 MP: 1/1
   698 | D:2      | Reached XP level 3. HP: 31/33 MP: 2/2
   967 | D:2      | Found a faded altar of an unknown god.
   979 | D:2      | Reached XP level 4. HP: 41/41 MP: 3/3
  1462 | D:3      | Found a stormy altar of Qazlal.
  1462 | D:3      | Noticed a water elemental
  1463 | D:3      | Noticed an air elemental
  1463 | D:3      | Noticed a fire elemental
  1463 | D:3      | Noticed an earth elemental
  1558 | D:3      | Found a glowing silver altar of Zin.
  1737 | D:3      | Found a broken altar of Ashenzari.
  1760 | D:3      | Found a radiant altar of Vehumet.
  1873 | D:3      | Found a bloodstained altar of Trog.
  2119 | D:3      | Found an iron altar of Okawaru.
  2120 | D:3      | Found a shimmering blue altar of Sif Muna.
  2126 | D:3      | Became a worshipper of Warmaster Okawaru
  2261 | D:4      | Reached XP level 5. HP: 47/47 MP: 1/4
  2459 | D:4      | Noticed a black bear
  2465 | D:4      | Killed a black bear
  2466 | D:4      | Reached skill level 5 in Fighting
  2466 | D:4      | Reached skill level 5 in Armour
  2466 | D:4      | Reached skill level 5 in Shields
  2578 | D:4      | Gained mutation: You have large cloven feet. [potion of
                  | mutation]
  2578 | D:4      | Gained mutation: You have a pair of large horns on your
                  | head. [potion of mutation]
  2618 | D:4      | Noticed voshxx's ghost (novice KoEn)
  2621 | D:4      | Found a runed translucent door.
  2659 | D:4      | Killed voshxx's ghost
  2659 | D:4      | Reached * piety under Okawaru
  2660 | D:4      | Reached XP level 6. HP: 32/57 MP: 1/5
  2817 | D:4      | Found a blossoming altar of Fedhas.
  2960 | D:4      | Reached XP level 7. HP: 62/62 MP: 2/6
  2963 | D:4      | Reached ** piety under Okawaru
  2964 | D:4      | Reached skill level 5 in Axes
  3137 | D:5      | Entered Level 5 of the Dungeon
  3256 | D:5      | Found a glowing drain.
  3260 | Sewer    | Entered a sewer
  4378 | D:5      | Reached XP level 8. HP: 71/71 MP: 2/7
  4423 | D:5      | Noticed a hornet
  4890 | D:6      | Noticed Maggie
  4904 | D:6      | Killed Maggie
  4904 | D:6      | Reached *** piety under Okawaru
  5001 | D:6      | Found a snail-covered altar of Cheibriados.
  5112 | D:6      | Noticed Eustachio
  5118 | D:6      | Killed Eustachio
  5190 | D:6      | Found a hide-covered altar of Uskayaw.
  5303 | D:6      | Identified the +12 dagger of Onadazaske {spect, rElec rPois
                  | rF+}
  5547 | D:6      | Reached XP level 9. HP: 77/81 MP: 2/8
  5740 | D:7      | Reached **** piety under Okawaru
  5915 | D:7      | Found a staircase to the Ecumenical Temple.
  6056 | D:7      | Found a shadowy altar of Dithmenos.
  6366 | D:7      | Identified the ring "Hameb" {Drain rPois rCorr EV+4 Dex+3}
  6841 | D:7      | Found a burning altar of Makhleb.
  7002 | D:5      | Reached ***** piety under Okawaru
  7218 | D:8      | Found a sand-covered staircase.
  7227 | Ossuary  | Entered an ossuary
  7605 | D:8      | Reached XP level 10. HP: 68/91 MP: 3/9
  7827 | D:8      | Noticed Psyche
  7840 | D:8      | Killed Psyche
  8355 | D:9      | Noticed Erolcha
  8360 | D:9      | Reached skill level 10 in Shields
  8362 | D:9      | Reached skill level 10 in Fighting
  8362 | D:9      | Reached skill level 10 in Armour
  8377 | D:9      | Killed Erolcha
  8377 | D:9      | Received a gift from Okawaru
  8547 | D:9      | Reached skill level 10 in Axes
  8650 | D:9      | Identified the +8 rapier of the Median {holy, rF+ Int+5}
  8666 | D:9      | Found a basalt altar of Yredelemnul.
  8928 | D:9      | Noticed Amaemon
  8931 | D:9      | Noticed an orange demon
  8968 | D:9      | Killed Amaemon
  8975 | D:9      | Killed an orange demon
  9273 | D:9      | Found a large runed translucent door.
  9296 | D:9      | Reached XP level 11. HP: 101/101 MP: 3/10
  9318 | D:9      | Found a large runed translucent door.
  9413 | D:9      | Found a runed translucent door.
  9756 | D:9      | Found a hazy altar of Hepliaklqana.
  9767 | D:9      | Found a glowing golden altar of the Shining One.
  9846 | D:10     | Entered Level 10 of the Dungeon
 10066 | D:10     | Reached ****** piety under Okawaru
 10259 | D:10     | Identified the +2 pair of gloves of Ixkuguci {-Cast Will+
                  | Regen+} (Okawaru gifted it to you on level 10 of the
                  | Dungeon)
 10259 | D:10     | Received a gift from Okawaru
 10336 | D:10     | Found a runed translucent door.
 10342 | D:10     | Noticed Komishar's ghost (novice DjFE)
 10741 | D:10     | Found an opulent altar of Gozag.
 11015 | D:10     | Killed Komishar's ghost
 11065 | D:11     | Noticed a purple ugly thing
 11070 | D:11     | Killed a purple ugly thing
 11251 | D:11     | Found a staircase to the Lair.
 11287 | D:11     | Noticed Harold
 11306 | D:11     | Killed Harold
 11307 | D:11     | Reached skill level 1 in Invocations
 11467 | D:11     | Noticed Nergalle
 11480 | D:11     | Killed Nergalle
 11494 | D:11     | Reached XP level 12. HP: 53/109 MP: 4/12
 11895 | D:12     | Noticed Lodul
 11909 | D:12     | Killed Lodul
 12004 | D:12     | Found a staircase to the Orcish Mines.
 12165 | D:12     | Noticed Kirke
 12186 | D:12     | Received a gift from Okawaru
 12191 | D:12     | Killed Kirke
 12215 | D:12     | HP: 2/113 [skeletal warrior/+0 short sword (17)]
 12600 | D:12     | Noticed a centaur warrior
 12605 | D:12     | Killed a centaur warrior
 12638 | D:12     | Noticed a two-headed ogre
 12648 | D:12     | Killed a two-headed ogre
 12907 | D:13     | Noticed a two-headed ogre
 12914 | D:13     | Killed a two-headed ogre
 12915 | D:13     | Reached skill level 5 in Invocations
 12936 | D:13     | Reached XP level 13. HP: 78/122 MP: 5/15
 13014 | D:13     | Received a gift from Okawaru
 13252 | D:13     | HP: 5/123 [freezing wraith[a death knight] (9)]
 13506 | D:13     | Found a gate to the Vaults.
 14008 | D:14     | Identified the +1 ring mail "Uqinnatz" {rC+} (Okawaru
                  | gifted it to you on level 14 of the Dungeon)
 14008 | D:14     | Received a gift from Okawaru
 14130 | D:14     | Found a runed translucent door.
 14155 | D:14     | Found an iron altar of Okawaru.
 14167 | D:14     | Found an iron altar of Okawaru.
 14177 | D:14     | Found a snail-covered altar of Cheibriados.
 14213 | D:14     | Found a hide-covered altar of Uskayaw.
 14222 | D:14     | Found a stormy altar of Qazlal.
 14306 | D:14     | Found a white marble altar of Elyvilon.
 14544 | D:14     | Noticed Frances
 14554 | D:14     | Killed Frances
 15039 | D:14     | Identified the ring "Leqivycs" {Contam MP+9 Str+9 Int+3}
 15041 | D:14     | Identified the +4 fire dragon scales "Uxiawe" {rF++ rC-
                  | Int+2 Stlth+}
 15045 | D:14     | Got the Handbook of Maledictive Heat
 15234 | Lair:1   | Entered Level 1 of the Lair of Beasts
 15427 | Lair:1   | Found a runed translucent door.
 15428 | Lair:1   | Noticed hofbold's ghost (journeyman DrAr)
 15469 | Lair:1   | Killed hofbold's ghost
 15578 | Lair:1   | Noticed Gastronok
 15598 | Lair:1   | Killed Gastronok
 15599 | Lair:1   | Reached XP level 14. HP: 132/133 MP: 6/18
 15792 | Lair:1   | Noticed Grum
 15796 | Lair:1   | Killed Grum
 16248 | Lair:2   | Identified the +7 tower shield "Ycodohao" {rF- rN+ Int+4
                  | Dex+2} (Okawaru gifted it to you on level 2 of the Lair of
                  | Beasts)
 16248 | Lair:2   | Received a gift from Okawaru
 16873 | Lair:3   | HP: 3/133 [11-headed hydra (10)]
 17113 | Lair:3   | You fall into a shaft and drop 1 floor!
 17291 | Lair:4   | Reached skill level 15 in Shields
 17314 | Lair:4   | Reached skill level 15 in Armour
 17315 | Lair:4   | Reached skill level 15 in Fighting
 17497 | Lair:4   | Found a viscous altar of Jiyva.
 17497 | Lair:4   | Found a staircase to the Slime Pits.
 17706 | Lair:4   | Reached skill level 15 in Axes
 18256 | Lair:3   | Found a staircase to the Snake Pit.
 18284 | Lair:3   | Received a gift from Okawaru
 18950 | Lair:3   | Found a staircase to the Swamp.
 19161 | Orc:1    | Entered Level 1 of the Orcish Mines
 19193 | Orc:1    | Found Moxufud's Weapon Shop.
 19428 | Orc:1    | Found an ornate altar of the Wu Jian Council.
 19429 | Orc:1    | Found a transporter.
 19451 | Orc:1    | Found a transporter.
 19468 | Orc:1    | Found a transporter.
 19488 | Orc:1    | Found a transporter.
 19489 | Orc:1    | Found an ornate altar of the Wu Jian Council.
 19489 | Orc:1    | Noticed an orc warlord
 19721 | Orc:1    | Reached XP level 15. HP: 141/141 MP: 4/20
 19848 | Orc:2    | Entered Level 2 of the Orcish Mines
 20077 | Orc:2    | Found a staircase to the Elven Halls.
 20276 | Orc:2    | Found Keotag's Distillery.
 20276 | Orc:2    | Found Humnub's Armour Boutique.
 20643 | Orc:2    | Received a gift from Okawaru
 20649 | Orc:2    | Found Sowen's Magic Scroll Shoppe.
 20649 | Orc:2    | Found Gekouso's Antique Armour Boutique.
 20743 | Orc:2    | Bought a scroll of fog for 56 gold pieces
 20743 | Orc:2    | Bought a scroll of enchant armour for 105 gold pieces
 20743 | Orc:2    | Bought a scroll of fog for 56 gold pieces
 20743 | Orc:2    | Bought a scroll of enchant weapon for 105 gold pieces
 20759 | Orc:2    | Bought a pair of pitted gloves for 209 gold pieces
 20759 | Orc:2    | Identified the +1 pair of gloves of Cuocsape {Rampage rF+
                  | Dex+2} (You bought it in a shop on level 2 of the Orcish
                  | Mines)
 21172 | D:15     | Entered Level 15 of the Dungeon
 21253 | D:15     | Paralysed by an orc sorcerer for 2 turns
 21278 | D:15     | Found a staircase to the Depths.
 21488 | D:15     | Identified the +1 quarterstaff "Byfaopti" {flame, rC+++ rN+
                  | Dex-5 SInv} (Okawaru gifted it to you on level 15 of the
                  | Dungeon)
 21488 | D:15     | Received a gift from Okawaru
 21930 | Snake:1  | Entered Level 1 of the Snake Pit
 21972 | Snake:1  | Noticed Mlioglotl
 21993 | Snake:1  | HP: 5/145 [Mlioglotl (7)]
 21995 | Snake:1  | Killed Mlioglotl
 21996 | Snake:1  | Reached skill level 10 in Invocations
 22201 | Snake:1  | Noticed Nikola
 22202 | Arena    | Entered the Arena
 22204 | Arena    | Killed from afar by Nikola

Illustrated notes

Levels and vault maps discovered:
D:1:      psy_arrival_dodecagon, layout_basic, roderic_nine_men_s_morris,
          minmay_misc_feat_nine_boxes, interstate_on_off
D:2:      layout_basic, basic_ecumenical_altar, grunt_ministairs_9,
          minmay_cupped
D:3:      layout_basic, mainiacjoe_overflow_six_doors_small,
          nicolae_qazlal_style_of_elements, vehumet_altar_wand_db,
          trog_antimagical, lemuel_crystal_altar,
          gammafunk_temple_overflow_statue, corexii_hall_statues_deadend,
          grunt_decor_junction
D:4:      layout_loops_ring, lemuel_doored_altar,
          hellmonk_ghost_happy_afterlife, grunt_ministairs_12,
          solitary_fountain, nicolae_concentric_dashed_squares_wild
D:5:      layout_loops_ring, gup_sewer_entry_spiral, lightli_corner_chamber
D:6:      layout_cave_pools, cheibriados_altar_1, mainiacjoe_overflow_alcove_2,
          uniq_eustachio, uniq_maggie
D:7:      layout_cave_pods, mainiacjoe_overflow_tiny_flanked,
          makhleb_heckhound_becter, minmay_temple_entry_stoned_glass
D:8:      layout_basic, nicolae_ossuary_entry_plus, minmay_orc_keep, uniq_psyche
D:9:      layout_basic, mainiacjoe_overflow_small_starburst,
          jmf_multi_god_temple2, grunt_ministairs_13, lightli_church_of_beogh,
          uniq_erolcha, uniq_amaemon
D:10:     layout_basic, mainiacjoe_overflow_24_doors, special_room
          [special_room_orc], ebering_ghost_reflecting_pool, nrook_campfire,
          patterned_corridor
D:11:     layout_loops_ring, lair_entry_dummy, minmay_fire_ice_demons,
          uniq_harold, uniq_nergalle
D:12:     layout_loops_ring, hiddenorc2_lemuel, uniq_kirke, uniq_lodul
D:13:     layout_irregular_city, erik_vaults_1, serial_undead, serial_undead_e,
          serial_undead_d, serial_undead_d, serial_undead_d
D:14:     due_megacathedral, layout_long_grid, serial_co_window_serial,
          co_window_corner_a, co_window_corner_a, co_window_of_opportunity_a,
          co_window_paths_b, co_window_paths_a, co_window_corner_b,
          co_window_corner_cb, co_window_broadway_b, co_window_sun,
          co_window_4corner_b, glass_columns_c, glass_columns_b,
          glass_columns_b, grunt_decor_arrowhead, uniq_frances
D:15:     grunt_enter_depths_magical_seal, layout_basic, minmay_fountain_box
Lair:1:   layout_small_grid, gammafunk_ghost_grave, serial_bayou_shore_b,
          grunt_megastairs_3, uniq_gastronok, uniq_grum
Lair:2:   layout_hall_layers, minmay_holes, lemuel_fruit_tree,
          grunt_megastairs_4
Lair:3:   layout_regular_city, palyth_hydra_swamp_entry,
          minmay_snake_entry_guardpost_small, grunt_megastairs_1
Lair:4:   layout_hall_layers, dpeg_slime_entry_enclosed, special_room
          [special_room_mythical_zoo], serial_bayou_ford_a
Snake:1:  layout_misc_corridors, grunt_megastairs_5, uniq_mlioglotl,
          uniq_azrael, uniq_josephine, uniq_nikola, uniq_aizul
Orc:1:    dreamdust_wu_jian_sword_trials, layout_diamond_mine, serial_shops,
          nicolae_shop_crystal
Orc:2:    st_orc_town, layout_caves
Arena

Skill      XL: |  1  2  3  4  5  6  7  8  9 10 11 12 13 14 15 |
---------------+----------------------------------------------+-----
Shields        | 4 5 6 8 9 10 12 13 14 15 16 | 16.5
Fighting       | 4 5 6 7 9 10 12 13 14 15 16 | 16.4
Armour         | 4 5 6 7 9 10 12 13 14 15 16 | 16.5
Axes           | 3 4 6 7 8 10 11 13 14 15 16 | 16.3
Invocations    | 2 5 7 9 10 | 10.0

Action                   |  1- 3 |  4- 6 |  7- 9 | 10-12 | 13-15 || total
-------------------------+-------+-------+-------+-------+-------++-------
Melee: War axe           |    65 |    88 |   333 |   648 |  1224 ||  2358
       Headbutt          |     7 |    17 |    44 |   134 |   302 ||   504
       Kick              |       |     5 |    85 |    38 |       ||   128
Invok: Heroism           |       |       |       |     1 |     2 ||     3
       Finesse           |       |       |       |       |     2 ||     2
       Duel              |       |       |       |       |     1 ||     1
Evoke: Wand              |       |       |     1 |       |       ||     1
  Use: Scroll            |       |    10 |    11 |     9 |     7 ||    37
       Potion            |       |     3 |       |     8 |     6 ||    17
 Stab: Invisible         |       |       |       |     2 |     3 ||     5
Armor: Scale mail        |    35 |     9 |       |       |       ||    44
       Plate armour      |       |    44 |   170 |   272 |   633 ||  1119
       Skin              |       |       |       |    49 |       ||    49
Dodge: Dodged            |    35 |    21 |    88 |   226 |   428 ||   798
Block: Buckler           |     9 |    34 |   193 |   365 |   215 ||   816
       Reflection        |       |       |     6 |    13 |    14 ||    33
       Kite shield       |       |       |       |       |   591 ||   591

Table legend: (Time is in decaauts)
 A = Elapsed time spent in this place.
 B = Non-inter-level travel time spent in this place.
 C = Inter-level travel time spent in this place.
 D = Time resting spent in this place.
 E = Time spent auto-exploring this place.
 F = Levels seen in this place.
 G = Mean time per level.
                   A        B        C        D        E       F      G
               +--------+--------+--------+--------+--------+-----+--------+
         Total |  22295 |  20869 |   1426 |     38 |  16362 |  25 |  891.8 |
       Dungeon |  15174 |  14132 |   1042 |      1 |  11374 |  15 | 1011.6 |
          Lair |   3860 |   3621 |    239 |      0 |   2833 |   4 |  965.0 |
     Snake Pit |    255 |    255 |      0 |      0 |    142 |   1 |  255.0 |
  Orcish Mines |   1854 |   1711 |    143 |     37 |   1190 |   2 |  927.0 |
         Sewer |    917 |    917 |      0 |      0 |    688 |   1 |  917.0 |
       Ossuary |    231 |    231 |      0 |      0 |    134 |   1 |  231.0 |
         Arena |      1 |      1 |      0 |      0 |      0 |   1 |    1.0 |
               +--------+--------+--------+--------+--------+-----+--------+

Top non-repeatable levels by time:
     D:9: 1506 daAuts
    D:14: 1294 daAuts
     D:5: 1223 daAuts
     D:7: 1222 daAuts
    D:10: 1219 daAuts
  Lair:4: 1110 daAuts
    D:12: 1103 daAuts
   Orc:2: 1098 daAuts
    D:13: 1060 daAuts
  Lair:3: 1008 daAuts
     D:8: 960 daAuts
     D:4: 954 daAuts
     D:6: 919 daAuts
   Sewer: 917 daAuts
    D:11: 901 daAuts
